 Dungeon Crawl Stone Soup version 0.30-a0-802-gb92711bcdf (webtiles) character file.

Game seed: 8257681955494849941

2626 Ceno the Tainter (level 9, -1/79 HPs)
             Began as a Naga Venom Mage on Feb 25, 2023.
             Was an Elder of Cheibriados.
             Slain by a wyvern (8 damage)
             ... on level 7 of the Dungeon.
             The game lasted 00:34:10 (8405 turns).

Ceno the Tainter (Naga Venom Mage)                  Turns: 8405, Time: 00:34:10

Health: -1/79      AC:  6    Str: 21    XL:     9   Next: 60%
Magic:  1/15       EV: 10    Int: 28    God:    Cheibriados [****..]
Gold:   428        SH:  0    Dex: 20    Spells: 6/16 levels left

rFire   + . .      SeeInvis +    b - +0 spear
rCold   + . .      Faith    .    (no shield)
rNeg    . . .      Spirit   .    E - +0 leather armour {rF+}
rPois   +          Reflect  .    c - +0 helmet
rElec   .          Harm     .    A - +0 cloak
rCorr   .          Rampage  .    (no gloves)
Will    ++...                    (no barding)
Stlth   ++++                     w - amulet of regeneration
HPRegen 1.13/turn                r - ring of willpower
MPRegen 0.14/turn                H - ring of protection from cold

@: very slow
A: AC +3, large, see invisible, deformed body, poison resistance, slowness 2,
spit poison 1, naga tail 1
a: Spit Poison, Renounce Religion, Bend Time, Temporal Distortion, Slouch


You were on level 7 of the Dungeon.
You worshipped Cheibriados.
Cheibriados was greatly pleased with you.
You visited 2 branches of the dungeon, and saw 9 of its levels.
You also visited: Ossuary.

You collected 428 gold pieces.

Inventory:

Hand Weapons
 a - a +1 dagger of protection
 b - a +0 spear (weapon)
 D - a +0 scythe
Missiles
 f - 15 poisoned darts
 h - 73 stones
 i - 2 datura-tipped darts
Armour
 c - a +0 helmet (worn)
 A - a +0 cloak (worn)
 E - a +0 leather armour of fire resistance (worn)
Jewellery
 r - a ring of willpower (left hand)
 v - an amulet of reflection
 w - an amulet of regeneration (around neck)
 B - an amulet of the acrobat
 H - a ring of protection from cold (right hand)
Wands
 l - a wand of iceblast (19) (quivered)
 F - a wand of polymorph (1)
 I - a wand of paralysis (3)
Scrolls
 d - a scroll of noise {unknown}
 e - 3 scrolls of immolation
 g - 2 scrolls of poison
 n - a scroll of torment {unknown}
 o - a scroll of blinking {unknown}
 q - 3 scrolls of teleportation
 y - a scroll of silence {unknown}
 C - 3 scrolls of fear {unknown}
 G - a scroll of brand weapon {unknown}
Potions
 j - 7 potions of curing
 k - 4 potions of mutation
 m - 2 potions of resistance
 p - a potion of magic
 s - 2 potions of cancellation
 t - a potion of flight {unknown}
 u - a potion of brilliance
 x - a potion of ambrosia {unknown}
 z - a potion of might


   Skills:
 + Level 4.4 Fighting
 + Level 4.5 Polearms
 - Level 1.5 Dodging
 + Level 6.7 Stealth
 - Level 4.0 Spellcasting
 - Level 5.0 Conjurations
 - Level 1.0 Transmutations
 - Level 5.0 Air Magic
 - Level 8.0 Poison Magic
 + Level 2.5 Invocations


You had 6 spell levels left.
You knew the following spells:

 Your Spells              Type           Power      Damage    Failure   Level
a - Sting                 Tmut/Pois      100%       1d8       1%          1
b - Poisonous Vapours     Pois/Air       84%        N/A       1%          2
c - Mephitic Cloud        Conj/Pois/Air  39%        N/A       2%          3
d - Olgreb's Toxic Radia  Pois           50%        N/A       3%          4

Your spell library contained the following spells:

 Spells                   Type           Power      Damage    Failure   Level
 Foxfire                  Conj/Fire      76%        2x1d7     3%          1
 Swiftness                Air            33%        N/A       3%          3
 Apportation              Tloc           10%        N/A       9%          1
 Necrotise                Necr           20%        1d5       9%          1
 Summon Small Mammal      Summ           20%        N/A       9%          1
 Hailstorm                Conj/Ice       19%        3d6       9%          3
 Passwall                 Tmut/Erth      6%         N/A       11%         2
 Ensorcelled Hibernation  Hex/Ice        10%        N/A       13%         2
 Kindle Blastsparks       Fire/Tloc/Air  28%        2d12      13%         3
 Frozen Ramparts          Ice            10%        1d2       26%         3
 Fulminant Prism          Conj/Hex       9%         3d6       30%         4
 Iskenderun's Mystic Bla  Conj/Tloc      19%        2d6       30%         4
 Ice Form                 Ice/Tmut       8%         N/A       56%         4
 Summon Ice Beast         Ice/Summ       5%         N/A       63%         4
 Fireball                 Conj/Fire      9%         3d6       63%         5
 Lee's Rapid Deconstruct  Erth           2%         3d5*      93%         5
 Starburst                Conj/Fire      9%         6d5       99%         6
 Simulacrum               Ice/Necr       2%         N/A       100%        6


Dungeon Overview and Level Annotations

Branches:
Dungeon (8/15)             Temple (1/1) D:7         Ossuary (visited)
   Lair: D:8-11

Altars:
Ashenzari
Cheibriados
Dithmenos
Elyvilon
Fedhas
Hepliaklqana
Kikubaaqudgha
Nemelex Xobeh
Okawaru
Qazlal
Sif Muna
Trog
Uskayaw
Xom
Yredelemnul
The Shining One

Shops:
D:2 *![?   D:6 ==

Annotations:
D:6 exclusion: jelly


Innate Abilities, Weirdness & Mutations

Your serpentine skin is tough. (AC +3)
You have supernaturally acute eyesight. (SInv)
Armour fits poorly on your strangely shaped body.
Your system is resistant to poisons. (rPois)
You cover ground very slowly.
You can spit poison.
You have a snake-like lower body.


Message History

Confirm with . or Enter, or press ? or * to list all spells.
Aiming: Sting (safe; 1% risk of failure)
Press: ? - help, Shift-Dir - straight line, f/p - wyvern
Aim: a wyvern (poisoned, 78% to hit)
The sting hits the wyvern.
The wyvern looks even sicker.
The wyvern is lightly wounded.
You have got your breath back.
The wyvern bites you! The wyvern barely misses you.
Casting: Sting (safe; 1% risk of failure)
Confirm with . or Enter, or press ? or * to list all spells.
Aiming: Sting (safe; 1% risk of failure)
Press: ? - help, Shift-Dir - straight line, f/p - wyvern
Aim: a wyvern (lightly wounded, very poisoned, 78% to hit)
The sting hits the wyvern.
The wyvern looks even sicker.
The wyvern is lightly wounded.
The wyvern bites you!
You hit the wyvern but do no damage.
The wyvern is lightly wounded.
The wyvern barely misses you. The wyvern bites you.
You hit the wyvern.
The wyvern is moderately wounded.
The wyvern bites you.
* * * LOW HITPOINT WARNING * * *
You hit the wyvern but do no damage.
The wyvern is heavily wounded.
The wyvern bites you!
* * * LOW HITPOINT WARNING * * *
Okay, then.
You barely miss the wyvern.
The wyvern is heavily wounded.
The wyvern bites you but does no damage.
You barely miss the wyvern.
The wyvern is heavily wounded.
The wyvern bites you.
* * * LOW HITPOINT WARNING * * *
The wyvern bites you but does no damage.
You completely miss the wyvern.
The wyvern is severely wounded.
The wyvern bites you!
You die...

###)<..........[......#########..
)).)####.....########.### ###..#
##### ####.....# #...####...##
##### #.###.# ###..#...### ##..#
#.###.# ####...##### ....#
#...#.## #.[........## ###.#
#######.#..####[#####.....# #.#
#...# #.##l.....####.......
#.###...# #.#.@).....##........
##.......# #...).<.....#........
##..###...# ##....[.....#.....)<.
....##..### #..........#........
.......## #..........#........
......### #..........##.......
....#...# ##........##........
#######.# ##........##........ #
#.# #..........#.....)..


You could see a wyvern (very poisoned).

Vanquished Creatures
  Sigmund (D:5)
  3 orc warriors (D:7)
  2 black bears
  A centaur (D:6)
  2 phantoms
  A kobold brigand (D:7)
  5 scorpions
  4 water moccasin zombies (Ossuary)
  5 wights
  2 howler monkeys (D:7)
  5 orc priests
  Crazy Yiuf (D:4)
  6 iguanas
  5 orc wizards
  2 mummies (Ossuary)
  11 gnolls
  7 adders
  A shadow imp (D:6)
  3 white imps
  An ufetubus (D:7)
  5 adder zombies (Ossuary)
  A worm (D:2)
  3 dart slugs
  14 orcs
  4 ball pythons
  5 endoplasms
  2 giant cockroaches
  4 gnoll zombies (Ossuary)
  6 goblins
  8 hobgoblins
  3 jackals (D:4)
  15 kobolds
  2 quokkas (D:4)
  8 bats
  A frilled lizard (D:2)
  5 hobgoblin zombies (Ossuary)
  4 kobold zombies (Ossuary)
  4 orc zombies (Ossuary)
  3 rats
165 creatures vanquished.

Vanquished Creatures (others)
  An orc wizard (D:3)
  A fungus (D:3)
  4 plants (D:7)
6 creatures vanquished.

Grand Total: 171 creatures vanquished

Notes
Turn   | Place    | Note
-------+----------+-------------------------------------------
     0 | D:1      | Ceno the Naga Venom Mage began the quest for the Orb.
     0 | D:1      | Reached XP level 1. HP: 15/15 MP: 3/3
   153 | D:1      | Reached XP level 2. HP: 16/22 MP: 0/5
   388 | D:1      | Learned a level 2 spell: Poisonous Vapours
   665 | D:1      | Reached skill level 1 in Air Magic
   699 | D:1      | Reached XP level 3. HP: 27/28 MP: 3/6
   703 | D:1      | Learned a level 3 spell: Mephitic Cloud
  1435 | D:2      | Found Hiysuehe's Assorted Antiques.
  1521 | D:2      | Found Xaum's Antique Armour Emporium.
  1581 | D:2      | Found Odiushof's Magic Scroll Shop.
  1608 | D:2      | Reached skill level 5 in Stealth
  1869 | D:2      | Found Gasaont's Distillery.
  1957 | D:2      | Reached XP level 4. HP: 35/36 MP: 5/7
  2753 | D:3      | Found a stormy altar of Qazlal.
  2754 | D:3      | Found a blossoming altar of Fedhas.
  3237 | D:3      | Noticed a black bear
  3256 | D:3      | Killed a black bear
  3257 | D:3      | Reached XP level 5. HP: 17/42 MP: 1/10
  3377 | D:3      | Found a snail-covered altar of Cheibriados.
  3409 | D:3      | Became a worshipper of Cheibriados the Contemplative
  3547 | D:3      | Reached skill level 5 in Poison Magic
  3547 | D:3      | Reached XP level 6. HP: 34/49 MP: 7/11
  4333 | D:4      | Noticed a black bear
  4368 | D:4      | Killed a black bear
  4369 | D:4      | Reached skill level 1 in Conjurations
  4418 | D:4      | Reached * piety under Cheibriados
  4549 | D:4      | Reached XP level 7. HP: 53/55 MP: 3/13
  4624 | D:4      | Learned a level 4 spell: Olgreb's Toxic Radiance
  4713 | D:4      | Found a runed translucent door.
  4714 | D:4      | Noticed Crazy Yiuf
  4722 | D:4      | Killed Crazy Yiuf
  4914 | D:5      | Entered Level 5 of the Dungeon
  4928 | D:5      | Reached skill level 6 in Poison Magic
  5202 | D:5      | Reached skill level 5 in Air Magic
  5202 | D:5      | Reached XP level 8. HP: 59/62 MP: 6/14
  5579 | D:5      | Found a shimmering altar of Xom.
  5708 | D:5      | Noticed Sigmund
  5716 | D:5      | Killed Sigmund
  5717 | D:5      | Reached skill level 1 in Fighting
  5717 | D:5      | Reached skill level 1 in Polearms
  5912 | D:5      | Reached skill level 7 in Poison Magic
  6031 | D:6      | Found a shadowy altar of Dithmenos.
  6109 | D:6      | Reached ** piety under Cheibriados
  6246 | D:6      | Found Dotuanne's Jewellery Shoppe.
  6507 | D:6      | Found Vorry's Jewellery Shop.
  6965 | D:7      | Found a staircase to the Ecumenical Temple.
  7001 | D:7      | Reached XP level 9. HP: 51/75 MP: 1/15
  7002 | Temple   | Entered the Ecumenical Temple
  7131 | D:7      | Reached skill level 8 in Poison Magic
  7183 | D:7      | Found a sand-covered staircase.
  7189 | Ossuary  | Entered an ossuary
  7227 | Ossuary  | Reached *** piety under Cheibriados
  7228 | Ossuary  | Reached skill level 5 in Conjurations
  7633 | D:7      | Reached skill level 1 in Invocations
  8189 | D:7      | Found a shimmering blue altar of Sif Muna.
  8377 | D:7      | Reached **** piety under Cheibriados
  8405 | D:7      | Slain by a wyvern

Illustrated notes

Levels and vault maps discovered:
D:1:      minmay_arrival_stone_box, layout_loops_cross
D:2:      layout_basic, serial_shops, shop, shop, nicolae_shop_crystal, shop
D:3:      layout_basic, nicolae_overflow_crystal_walls,
          grunt_temple_overflow_forces_of_nature, kennysheep_generic_room_6
D:4:      layout_cave_pools, uniq_crazy_yiuf_cottage
D:5:      layout_loops_cross, mainiacjoe_overflow_alcove_2, uniq_sigmund
D:6:      layout_basic, nicolae_dithmenos_the_darkroom, serial_shops,
          nicolae_shop_hallway_plus, kennysheep_little_box
D:7:      cheibrodos_two_vegetables, layout_rooms,
          nicolae_sif_muna_little_library, nicolae_wu_jian_immortal_techniques,
          minmay_temple_entry_statues, lightli_ossuary_entry_decrepit_ruins
D:8:      layout_basic, overflow_temple_1_default
Temple:   hellmonk_temple_micro_hex

Skill      XL: |  1  2  3  4  5  6  7  8  9 |
---------------+----------------------------+-----
Stealth        | 4 5 6 |  6.7
Air Magic      | 1 2 3 5 |  5.0
Spellcasting   | 3 4 |  4.0
Poison Magic   | 5 6 7 8 |  8.0
Conjurations   | 1 3 4 5 |  5.0
Fighting       | 3 4 |  4.4
Polearms       | 3 4 |  4.5
Invocations    | 2 |  2.5
Dodging        | |  1.5
Transmutations | |  1.0

Action                     |  1- 3 |  4- 6 |  7- 9 || total
---------------------------+-------+-------+-------++-------
  Melee: Short sword       |    15 |    19 |       ||    34
         Dagger            |       |    48 |    41 ||    89
         Spear             |       |       |   378 ||   378
         Punch             |       |       |     7 ||     7
  Throw: Stone             |     5 |       |     1 ||     6
   Cast: Sting             |    23 |    55 |   120 ||   198
         Poisonous Vapours |    10 |    26 |    39 ||    75
         Mephitic Cloud    |       |       |     5 ||     5
 Invoke: Bend Time         |       |     2 |     3 ||     5
Ability: Spit Poison       |    24 |    19 |    32 ||    75
  Evoke: Wand              |       |       |     4 ||     4
    Use: Scroll            |       |     8 |     2 ||    10
         Potion            |       |       |     2 ||     2
   Stab: Sleeping          |     1 |     1 |     7 ||     9
         Confused          |       |       |     3 ||     3
 Armour: Leather armour    |     6 |    35 |   122 ||   163
  Dodge: Dodged            |    11 |    40 |   186 ||   237

Table legend: (Time is in decaauts)
 A = Elapsed time spent in this place.
 B = Non-inter-level travel time spent in this place.
 C = Inter-level travel time spent in this place.
 D = Time resting spent in this place.
 E = Time spent auto-exploring this place.
 F = Levels seen in this place.
 G = Mean time per level.
                   A        B        C        D        E       F      G
               +--------+--------+--------+--------+--------+-----+--------+
         Total |  11904 |  11424 |    480 |   1978 |   6000 |  10 | 1190.4 |
       Dungeon |  11382 |  10902 |    480 |   1842 |   6000 |   8 | 1422.8 |
        Temple |     99 |     99 |      0 |     98 |      0 |   1 |   99.0 |
       Ossuary |    422 |    422 |      0 |     38 |      0 |   1 |  422.0 |
               +--------+--------+--------+--------+--------+-----+--------+

Top non-repeatable levels by time:
     D:2: 2155 daAuts
     D:3: 1720 daAuts
     D:5: 1669 daAuts
     D:7: 1654 daAuts
     D:6: 1557 daAuts
     D:1: 1337 daAuts
     D:4: 1257 daAuts
 Ossuary: 422 daAuts
  Temple: 99 daAuts
     D:8: 30 daAuts
